Map: Ulrena

Players

VincentVega

  • Race: Zerg Zerg
  • League: Gold

capac - Winner!

  • Race: Terran Terran
  • League: Gold

VOD

Have the link to the VOD?

Description

Time

  • Played on: April 30, 2016, 7:23 a.m.
  • Length: 15:46
Show
View Real Time Build Order
Export as new Build Order

VincentVega Zerg 

Build Orders: Pool First, Zergling Baneling 

Get SALT Encoding   

  12  0:10  Drone x2  
  14  0:20  Extractor  
  13  0:23  Extractor, Drone  
  13  0:24  Drone  
  16  0:40  Spawning Pool  
  15  1:09  Hatchery  
  14  1:12  Overlord  
  14  1:18  Extractor  
  13  1:19  Extractor  
  13  1:20  Drone x2  
  14  1:30  Zergling x2  
  15  1:42  Zergling x2  
  16  1:48  Zergling x2  
  17  1:59  Queen, Drone  
  20  2:16  Baneling Nest  
  20  2:17  Drone  
  20  2:21  Drone  
  20  2:22  Drone  
  22  2:37  Queen  
  22  2:42  Zergling x6  
  27  2:55  Zergling x2  
  27  2:56  Overlord  
  28  3:02  Baneling  
  28  3:03  Baneling x3  
  25  3:36  Zergling x14  
  29  3:43  Zergling x2  
  29  3:47  Baneling  
  29  3:48  Baneling x2  
  30  3:55  Zergling x4  
  31  4:00  Metabolic Boost  
  32  4:15  Zergling x8  
  36  4:30  Zergling x2  
  36  4:31  Zergling x6  
  35  4:32  Zergling x2  
  35  4:37  Baneling x4  
  32  4:39  Zergling x2  
  33  4:47  Drone  
  33  4:48  Drone  
  29  5:10  Drone  
  29  5:11  Drone x5  
  35  5:18  Lair  
  35  5:41  Overlord x2  
  35  5:58  Overlord x3  
  35  6:19  Spire  
  35  6:20  Drone  
  35  6:21  Drone x5  
  35  6:23  Drone x3  
  35  6:24  Drone  
  44  6:27  Extractor  
  44  6:30  Extractor  
  36  7:04  Drone  
  36  7:05  Drone x12  
  49  7:31  Hatchery  
  49  7:34  Mutalisk x5  
  58  7:42  Mutalisk  
  58  7:43  Mutalisk  
  62  7:54  Mutalisk  
  62  7:56  Mutalisk  
  66  7:59  Zergling x2  
  66  8:00  Zergling x12  
  73  8:10  Mutalisk  
  75  8:16  Overlord  
  75  8:17  Overlord  
  75  8:18  Overlord  
  75  8:28  Overlord  
  75  8:29  Overlord  
  73  9:01  Mutalisk  
  73  9:02  Mutalisk x5  
  75  9:08  Zergling x2  
  75  9:09  Zergling x18  
  88  9:46  Mutalisk  
  88  9:47  Mutalisk x4  
  98  10:00  Baneling x6  
  98  10:18  Spore Crawler  
  98  10:20  Spore Crawler  
  96  10:24  Zergling x10  
  96  10:25  Zergling x10  
  106  10:38  Hatchery, Mutalisk x4  
  113  10:51  Zerg Flyer Armor Level 1  
  113  10:53  Drone x8  
  121  11:01  Extractor x2  
  119  11:14  Drone  
  119  11:15  Drone x2  
  119  11:16  Evolution Chamber, Overlord x2  
  119  11:17  Overlord, Evolution Chamber  
  120  11:24  Centrifical Hooks  
  120  11:26  Hatchery  
  120  11:30  Zergling x2  
  120  11:31  Zergling x4  
  122  11:41  Mutalisk  
  122  11:42  Mutalisk x3  
  130  11:52  Drone  
  130  11:53  Drone x8  
  139  12:18  Drone  
  139  12:19  Drone x6  
  146  12:23  Infestation Pit  
  146  12:29  Zerg Melee Weapons Level 1  
  145  12:32  Zerg Ground Armor Level 1  
  145  12:33  Zergling x14  
  112  12:50  Zergling x2  
  112  12:51  Zergling x10, Mutalisk x2  
  107  13:00  Zergling x12  
  101  13:19  Mutalisk x2  
  93  13:20  Mutalisk x3  
  93  13:26  Baneling x4  
  101  13:29  Baneling  
  101  13:30  Baneling x7  
  101  13:44  Hatchery  
  76  14:16  Mutalisk x6  
  86  14:17  Zergling x2  
  86  14:18  Zergling x8  
  93  14:29  Mutalisk  
  86  14:46  Zergling x2  
  86  14:47  Zergling x14  
  86  14:50  Baneling x4  
  26  15:16  Zergling x2  
  26  15:17  Zergling x20  
Show
View Real Time Build Order
Export as new Build Order

capac Terran - Winner!

Build Orders: Reaper Expand, MMM Bio 

Get SALT Encoding   

  12  0:00  SCV  
  13  0:13  SCV  
  14  0:18  Supply Depot  
  14  0:25  SCV  
  15  0:39  SCV  
  15  0:40  Barracks  
  16  0:46  Refinery  
  16  0:51  SCV  
  17  1:03  SCV  
  18  1:15  SCV  
  19  1:29  Orbital Command  
  19  1:30  Reaper  
  20  1:43  Command Center  
  20  1:55  SCV  
  20  1:57  Supply Depot  
  21  2:02  Marine  
  22  2:09  SCV  
  22  2:14  Factory  
  22  2:15  Refinery  
  23  2:22  Marine  
  22  2:26  Command Center  
  23  2:40  Marine  
  24  2:45  SCV  
  25  2:58  Marine  
  25  3:01  Factory Tech Lab  
  25  3:04  Starport  
  26  3:13  Barracks  
  26  3:28  Marine, SCV  
  28  3:44  Supply Depot  
  28  3:46  Marine  
  29  4:04  Marine  
  30  4:18  Siege Tank  
  30  4:19  Medivac  
  30  4:22  Marine  
  35  4:37  Supply Depot  
  33  4:40  Marine  
  33  5:13  Marine x2  
  35  5:14  Siege Tank  
  35  5:16  Orbital Command  
  38  5:32  Barracks  
  38  5:41  Orbital Command  
  38  5:55  Barracks Tech Lab  
  38  6:08  Command Center  
  38  6:12  Barracks  
  38  6:15  Barracks Reactor  
  38  6:17  SCV  
  39  6:22  SCV  
  40  6:29  Barracks Reactor  
  40  6:30  Engineering Bay, Stimpack  
  40  6:34  SCV  
  40  6:35  SCV  
  42  6:46  SCV  
  42  6:47  SCV  
  44  7:05  SCV x2  
  46  7:17  Starport Reactor  
  46  7:18  Supply Depot  
  46  7:19  Supply Depot  
  46  7:20  Marine x4  
  50  7:27  Barracks Tech Lab  
  50  7:29  Siege Tank  
  53  7:36  Barracks  
  53  7:39  SCV x2  
  53  7:40  Terran Infantry Weapons Level 1  
  53  7:44  Refinery  
  55  7:53  SCV x2  
  55  7:54  Refinery, Marine  
  55  7:55  Marine x3  
  55  7:57  Supply Depot  
  61  8:00  Supply Depot  
  61  8:01  Medivac  
  63  8:11  SCV x2  
  65  8:23  Supply Depot  
  65  8:25  Supply Depot  
  65  8:27  Barracks, Barracks Reactor  
  65  8:28  SCV  
  65  8:29  SCV  
  65  8:30  Orbital Command  
  65  8:31  Liberator  
  67  8:37  Combat Shields  
  67  8:41  SCV x2  
  65  8:58  Missile Turret  
  65  9:08  Missile Turret  
  51  9:46  Missile Turret  
  51  9:50  Missile Turret  
  51  9:57  SCV  
  52  10:01  Missile Turret  
  52  10:02  Missile Turret  
  52  10:19  Liberator x2  
  52  10:21  SCV x3  
  55  10:33  SCV  
  61  10:44  Marine x4  
  61  10:46  Marauder x2  
  61  10:49  SCV  
  70  11:01  SCV  
  70  11:02  SCV x2  
  73  11:06  Liberator x2  
  73  11:07  Marine x5  
  73  11:08  Marine  
  79  11:13  SCV  
  79  11:15  SCV x2  
  82  11:25  SCV  
  89  11:27  Marine x4  
  89  11:28  Marine x2  
  89  11:31  Marauder  
  97  11:33  Marauder  
  97  11:38  SCV x3  
  102  11:49  Liberator  
  102  12:06  Marine x4  
  102  12:07  Barracks Tech Lab  
  109  12:23  Concussive Shells  
  109  12:27  Liberator  
  109  12:41  Marine  
  109  12:44  Marauder x2  
  109  12:49  Medivac  
  66  12:53  Marine  
  66  12:54  Marine x5  
  70  12:59  Marine  
  70  13:00  SCV x3  
  70  13:05  Marine x2  
  72  13:11  Marine x2  
  72  13:12  Marine x4  
  71  13:19  Medivac  
  71  13:20  Marine  
  71  13:23  Marine x2  
  74  13:27  Liberator  
  74  13:29  Marine x2  
  74  13:30  Marine  
  74  13:31  Marine x3  
  80  13:37  Marine  
  80  13:40  Marine x2  
  83  13:47  Marine x2  
  88  13:48  Marine  
  88  13:49  Marine  
  88  13:50  SCV x2  
  79  14:18  Marine x3  
  79  14:19  Marine x6  
  88  14:36  Marine x4  
  92  15:07  Marine x9  
  92  15:24  Marine  
  92  15:25  Marine x8  
Tags
 
Add a new tag
Caveats
  • Supply blocks, unpowered buildings, or Contaminate may cause inaccurate times.
  • Supply counts are checked every 10 seconds.